 Dungeon Crawl Stone Soup version 0.28-a0-1415-g7c84da036a (webtiles) character file.

Game seed: 9426887646751336778

79986 gimp the Thaumaturge (level 15, -6/103 HPs)
             Began as a Mummy Wanderer on Jan 8, 2022.
             Was an Elder of Vehumet.
             Mangled by an alligator (8 damage)
             ... called by a spriggan druid
             ... on level 1 of the Swamp.
             The game lasted 03:01:32 (54216 turns).

gimp the Thaumaturge (Mummy Wanderer)              Turns: 54216, Time: 03:01:32

Health: -6/103     AC: 14    Str: 16    XL:     15   Next: 22%
Magic:  30/30      EV: 16    Int: 18    God:    Vehumet [****..]
Gold:   315        SH:  0    Dex: 12    Spells: 9/36 levels left

rFire   . . .      SeeInvis +   b - staff of fire
rCold   + . .      Faith    .   (no shield)
rNeg    + + +      Spirit   .   u - +2 robe {Will+}
rPois   ∞          Reflect  .   M - +2 hat {Stlth+}
rElec   .          Harm     .   x - +1 cloak
rCorr   .          Rampage  .   z - +0 pair of gloves
Will    ++...                   j - +0 pair of boots
Stlth   +.........              (no amulet)
HPRegen 0.27/turn               L - ring of see invisible
MPRegen 0.22/turn               s - +4 ring of protection

@: very slow
A: cold resistance 1, negative energy resistance 3, torment resistance 2, heat
vulnerability 1, in touch with death 1, no potions
a: Renounce Religion


You were on level 1 of the Swamp.
You worshipped Vehumet.
Vehumet was greatly pleased with you.
You visited 5 branches of the dungeon, and saw 24 of its levels.

You collected 2242 gold pieces.
You spent 1927 gold pieces at shops.

Inventory:

Hand Weapons
 a - the +6 rapier of the Shark {flame, Will++ Dex+4}
   (You bought it in a shop on level 2 of the Orcish Mines)

   It burns those it strikes, dealing additional fire damage.
   Dex:       It affects your dexterity (+4).
   Will:      It greatly increases your willpower.
Missiles
 h - a throwing net (quivered)
 A - 62 poisoned darts
 E - 3 curare-tipped darts
Armour
 j - a +0 pair of boots (worn)
 k - an orb of energy
 n - a +2 robe of positive energy
 p - the +1 ring mail of Litratet {rElec}
   (You took it off an orc on level 10 of the Dungeon)

   rElec:     It insulates you from electricity.
 q - +0 fire dragon scales
 u - a +2 robe of willpower (worn)
 x - a +1 cloak (worn)
 z - a +0 pair of gloves (worn)
 B - a +0 robe of cold resistance
 J - a +0 kite shield of protection
 M - a +2 hat of stealth (worn)
Magical Staves
 b - a staff of fire (weapon)
Jewellery
 s - a +4 ring of protection (right hand)
 C - a ring of ice
 F - an amulet of guardian spirit
 L - a ring of see invisible (left hand)
Wands
 d - a wand of flame (3)
 l - a wand of digging (5)
 m - a wand of polymorph (19)
 y - a wand of iceblast (2)
 I - a wand of acid (6)
Scrolls
 c - 2 scrolls of immolation
 e - 6 scrolls of silence
 f - 2 scrolls of magic mapping
 g - 7 scrolls of enchant armour
 i - 7 scrolls of teleportation
 o - 3 scrolls of amnesia
 r - 2 scrolls of fog
 v - 3 scrolls of vulnerability
 w - 3 scrolls of enchant weapon
 H - a scroll of brand weapon
Miscellaneous
 D - a phial of floods
 G - a phantom mirror (inert)


   Skills:
 - Level 5.0 Fighting
 - Level 6.0 Short Blades
 - Level 10.3 Dodging
 - Level 11.0 Spellcasting
 - Level 10.7 Conjurations
 * Level 0.0 Necromancy
 - Level 2.0 Transmutations
 - Level 7.0 Fire Magic
 - Level 2.0 Air Magic
 + Level 8.3 Earth Magic
 - Level 6.0 Poison Magic
 - Level 9.0 Evocations


You had 9 spell levels left.
You knew the following spells:

 Your Spells              Type           Power      Damage    Failure   Level
a - Sting                 Tmut/Pois      96%        1d7       1%          1
b - Mephitic Cloud        Conj/Pois/Air  32%        N/A       1%          3
c - Flame Wave            Conj/Fire      58%        2d9       1%          4
d - Scorch                Fire           100%       2d10      1%          2
e - Starburst             Conj/Fire      29%        6d9       8%          6
f - Iron Shot             Conj/Erth      22%        9d5       6%          6
g - Borgnjor's Vile Clut  Necr/Erth      18%        N/A       34%         5

Your spell library contained the following spells:

 Spells                   Type           Power      Damage    Failure   Level
 Iskenderun's Battlesphe  Conj           48%        2d10      1%          5
 Shock                    Conj/Air       100%       1d9       1%          1
 Passwall                 Tmut/Erth      23%        N/A       1%          2
 Dazzling Flash           Conj/Hex       58%        N/A       1%          3
 Inner Flame              Hex/Fire       33%        N/A       1%          3
 Iskenderun's Mystic Bla  Conj/Tloc      29%        2d7       2%          4
 Lightning Bolt           Conj/Air       16%        1d30      4%          5
 Animate Skeleton         Necr           28%        N/A       7%          1
 Apportation              Tloc           18%        N/A       7%          1
 Pain                     Necr           56%        1d6       7%          1
 Summon Small Mammal      Summ           36%        N/A       7%          1
 Airstrike                Air            8%         N/A       9%          4
 Swiftness                Air            17%        N/A       10%         3
 Animate Armour           Summ/Erth      48%        N/A       13%         4
 Call Canine Familiar     Summ           9%         N/A       22%         3
 Summon Guardian Golem    Hex/Summ       9%         N/A       22%         3
 Vampiric Draining        Necr           14%        2d7       22%         3
 Summon Lightning Spire   Summ/Air       13%        N/A       43%         4
 Cause Fear               Hex            4%         N/A       56%         4
 Passage of Golubria      Tloc           9%         N/A       56%         4
 Silence                  Hex/Air        6%         N/A       78%         5
 Spellforged Servitor     Conj/Summ      14%        N/A       82%         7
 Lehudib's Crystal Spear  Conj/Erth      22%        10d6      90%         8
 Discord                  Hex            4%         N/A       100%        8
 Blade Hands              Tmut           Unusable   N/A       N/A         5

Dungeon Overview and Level Annotations

Branches:
Dungeon (15/15)            Temple (1/1) D:6            Lair (5/6) D:11
  Swamp (1/4) Lair:3       Spider (0/4) Lair:4          Orc (2/2) D:9
    Elf (0/3) Orc:2        Vaults (0/5) D:14         Depths (0/4) D:15
  Slime: Lair:5-6

Altars:
Ashenzari
Cheibriados
Dithmenos
Elyvilon
Fedhas
Gozag
Hepliaklqana
Kikubaaqudgha
Makhleb
Nemelex Xobeh
Okawaru
Qazlal
Ru
Sif Muna
Trog
Uskayaw
Vehumet
Wu Jian
Xom
Yredelemnul
Zin
The Shining One
Beogh

Shops:
D:9 (   D:11 *   Orc:2 *([:

Annotations:
D:6 2 runed translucent doors, AverageBear's ghost, novice DDFi
D:9 2 transporters, exclusion: oklob plant, bande's ghost, novice GrFi
D:10 exclusion: 4 doors
Swamp:1 Aizul; Roxanne


Innate Abilities, Weirdness & Mutations

You are immune to poison.
Your flesh is cold resistant. (rC+)
You are immune to negative energy. (rN+++)
You are immune to unholy pain and torment.
You are vulnerable to heat. (rF-)
You are in touch with the powers of death.
You do not drink.


Message History

Okay, then.
Unknown command.
Blink to where?
Press: ? - help, Dir - move target, p - alligator Splash!
You fall into the shallow water.
Moving in this stuff is going to be slow.
As you read the scroll of blinking, it crumbles to dust.
The alligator is poisoned.
The alligator is engulfed in poison gas.
The alligator looks even sicker.
Unknown command.
Okay, then.
Okay, then.
As you read the scroll of torment, it crumbles to dust.
You feel a surge of unholy energy.
The swamp dragon convulses!
The alligator convulses!
The swamp dragon convulses!
The swamp worm convulses!
The alligator convulses!
Aizul convulses!
The alligator is engulfed in poison gas.
The alligator looks even sicker.
MP restored: 30
Aiming: Corrosive Bolt
Press: ? - help, Shift-Dir - straight line, f - alligator
Aim: an alligator (almost dead, covering ground quickly, extremely poisoned, 77% to hit)
The bolt of acid hits the swamp dragon!
The swamp dragon is severely wounded.
The bolt of acid hits the alligator!!
The acid corrodes the alligator!
The alligator is almost dead.
The bolt of acid hits the swamp dragon!
The swamp dragon is severely wounded.
The bolt of acid hits the alligator!
The acid corrodes the alligator!
You kill the alligator!
Vehumet accepts your kill. The swamp dragon bites you.
* * * LOW HITPOINT WARNING * * *
The swamp dragon closely misses you. The swamp dragon misses you.
The alligator bites you!
* * * LOW HITPOINT WARNING * * *
The alligator tail-slaps you!
You die...

♣≈♣.≈♣♣♣<≈≈S..≈≈.≈≈.≈♣
♣...♣♣ ♣..♣§♣....§≈≈≈♣
♣≈≈.♣ ♣♣≈≈≈≈.≈§.....♣
♣.≈ ♣.≈♣♣
♣♣.Sw.≈..≈≈≈♣♣ .. ♣.♣♣
♣..≈>≈.≈≈≈≈♣ ♣.. ♣♣♣
♣♣..D≈..≈.♣♣ ♣.♣♣♣♣♣♣.
♣♣.≈≈≈...♣ ♣≈.≈♣.≈≈♣
♣♣≈.Dt≈♣♣ ♣≈≈≈≈≈♣♣♣
♣♣♣.@≈♣♣ ♣$≈♣..♣
♣.≈..♣♣ ♣♣.♣..♣♣
♣♣≈§..♣♣ ♣....♣♣
♣♣....♣♣♣...♣♣
♣♣....♣♣.≈♣♣
♣♣♣.....♣♣ ♣♣...♣♣
♣♣♣.♣ ♣♣♣


You could see Aizul, an alligator (swift, very poisoned, corroded), 2 swamp
dragons and a swamp worm (very poisoned).

Vanquished Creatures
  An orc warlord (Orc:1)
  A caustic shrike zombie (D:15)
  A vault guard (D:14)
  5 hydras
  8 boulder beetles
  A rakshasa (D:14)
  2 death knights
  3 two-headed ogres
  7 centaur warriors
  A catoblepas (Lair:4)
  An alligator (Swamp:1)
  4 tengu warriors
  7 death yaks
  4 orc high priests
  A vampire mage (D:14)
  3 skeletal warriors
  A spark wasp zombie (D:15)
  A swamp dragon (Swamp:1)
  4 bog bodies
  A wizard (D:15)
  2 phantasmal warriors
  Pikel (D:6)
  3 orc knights
  A tengu skeleton (D:15)
  A necromancer (D:14)
  A deep elf pyromancer (D:15)
  2 orc sorcerers (Orc:2)
  2 ugly things (D:13)
  3 manticores (D:12)
  2 cyclopes
  A will-o-the-wisp (Swamp:1)
  5 elephants (Lair:1)
  6 cane toads
  3 black mambas
  2 unseen horrors
  A spriggan zombie (D:15)
  3 gargoyles
  Maggie (D:6)
  A yaktaur (D:10)
  3 rime drakes
  A kobold demonologist (D:13)
  2 komodo dragons
  11 trolls
  Grinder (D:4)
  A polar bear (Lair:4)
  A hornet (D:9)
  8 slime creatures
  8 blink frogs (Lair:2)
  2 tyrant leeches (Swamp:1)
  2 shadows (D:10)
  Sigmund (D:6)
  A centaur simulacrum (D:15)
  A vampire (D:11)
  4 wyverns
  45 yaks
  A human (shapeshifter) (D:14)
  A steam dragon (D:10)
  A wraith (D:8)
  3 basilisks
  8 vampire mosquitoes
  3 wargs
  Edmund (D:5)
  7 swamp worms
  12 water moccasins
  4 sky beasts
  Duvessa (D:5)
  32 orc warriors
  3 black bears
  12 ogres
  2 necrophages (D:5)
  18 wolves
  9 centaurs
  4 lemures (D:5)
  4 kobold brigands (D:9)
  Blork the orc (D:5)
  10 bullfrogs
  9 scorpions
  2 wyvern zombies
  A gnoll sergeant (D:9)
  A water moccasin zombie (D:5)
  A wyvern skeleton (D:6)
  Dowan (D:5)
  A water moccasin skeleton (D:7)
  6 killer bees
  4 wights
  An electric eel (Lair:3)
  3 howler monkeys
  2 bullfrog zombies (D:5)
  4 hounds
  2 jellies
  Crazy Yiuf (D:6)
  7 centaur zombies
  5 orc priests
  3 bullfrog skeletons
  A centaur skeleton (D:6)
  3 iguanas
  11 orc wizards
  2 killer bee zombies
  2 howler monkey zombies
  9 gnolls
  10 adders
  A shadow imp (D:5)
  A white imp (D:5)
  2 ufetubi (D:6)
  An adder skeleton (D:5)
  3 worms (Lair:4)
  2 dart slugs (D:2)
  61 orcs
  5 endoplasms
  3 giant cockroaches
  9 goblins
  4 hobgoblins
  6 kobolds
  3 quokkas
  4 ball pythons
  5 bats
  2 frilled lizards (D:1)
  6 rats
  A spectral orc (D:3)
538 creatures vanquished.

Vanquished Creatures (collateral kills)
  Gastronok (D:12)
  A manticore (D:11)
  A vampire mosquito (D:11)
3 creatures vanquished.

Vanquished Creatures (others)
  2 foxfires (Swamp:1)
  51 fungi
  40 plants
  4 withered plants (D:15)
97 creatures vanquished.

Grand Total: 638 creatures vanquished

Notes
Turn   | Place    | Note
-------+----------+-------------------------------------------
     0 | D:1      | gimp the Mummy Wanderer began the quest for the Orb.
     0 | D:1      | gimp set off with the following items: a +0 club, a scroll
                  | of fog, a +0 leather armour, a wand of acid (2); and the
                  | following spell memorised: Sting; and the following spells
                  | available to memorise: Mephitic Cloud
     0 | D:1      | Reached XP level 1. HP: 15/15 MP: 5/5
   584 | D:1      | Found a faded altar of an unknown god.
   618 | D:1      | Reached XP level 2. HP: 21/21 MP: 5/7
   906 | D:1      | Reached skill level 1 in Transmutations
  1521 | D:2      | Noticed a phantom
  2280 | D:2      | Reached XP level 3. HP: 26/26 MP: 5/8
  3482 | D:3      | Got the Handbook of Scorching Earth
  3554 | D:3      | Found a basalt altar of Yredelemnul.
  3736 | D:3      | Reached XP level 4. HP: 31/32 MP: 5/10
  3795 | D:3      | You fall into a shaft and drop 2 floors!
  3795 | D:5      | Entered Level 5 of the Dungeon
  3795 | D:5      | Noticed an ogre
  3801 | D:5      | Noticed a scorpion
  3803 | D:5      | Killed an ogre
  3804 | D:5      | Reached XP level 5. HP: 21/37 MP: 8/12
  3810 | D:5      | Reached skill level 5 in Spellcasting
  4652 | D:4      | Reached XP level 6. HP: 31/43 MP: 11/14
  5066 | D:4      | Learned a level 3 spell: Mephitic Cloud
  5428 | D:4      | Noticed Grinder
  5467 | D:4      | Killed Grinder
  5468 | D:4      | Reached skill level 6 in Spellcasting
  5468 | D:4      | Reached skill level 1 in Conjurations
  5468 | D:4      | Reached skill level 1 in Air Magic
  5468 | D:4      | Reached XP level 7. HP: 38/48 MP: 2/16
  5962 | D:5      | Reached skill level 5 in Poison Magic
  6016 | D:5      | Noticed Blork the orc
  6027 | D:5      | Killed Blork the orc
  6659 | D:5      | Noticed Dowan
  6660 | D:5      | Noticed Duvessa
  6661 | D:5      | Noticed Edmund
  6681 | D:5      | Killed Edmund
  6682 | D:5      | Reached XP level 8. HP: 30/54 MP: 1/18
  6682 | D:5      | Killed Duvessa
  6683 | D:5      | Reached skill level 7 in Spellcasting
  6686 | D:5      | Killed Dowan
  7733 | D:5      | Reached skill level 1 in Short Blades
  7733 | D:5      | Reached skill level 8 in Spellcasting
  8167 | D:6      | Noticed Sigmund
  8338 | D:6      | Killed Sigmund
  8348 | D:6      | Reached XP level 9. HP: 53/59 MP: 2/21
  8350 | D:6      | Noticed Pikel
  8853 | D:6      | Killed Pikel
  8854 | D:6      | Reached skill level 5 in Short Blades
  8939 | D:6      | Noticed Maggie
  8971 | D:6      | Killed Maggie
  8972 | D:6      | Reached skill level 1 in Fire Magic
  9085 | D:6      | Identified the +1 ring mail of Poor Excuses {rN+ Dex+3
                  | Stlth+}
  9175 | D:6      | Found a large runed translucent door.
  9175 | D:6      | Found a large runed translucent door.
  9178 | D:6      | Noticed AverageBear's ghost (novice DDFi)
 10020 | D:6      | Found a runed translucent door.
 10021 | D:6      | Noticed Crazy Yiuf
 10031 | D:6      | Killed Crazy Yiuf
 10160 | D:6      | Found a staircase to the Ecumenical Temple.
 10264 | Temple   | Entered the Ecumenical Temple
 10520 | Temple   | Became a worshipper of Vehumet
 11532 | D:7      | Reached XP level 10. HP: 46/65 MP: 22/22
 12281 | D:7      | Reached skill level 5 in Conjurations
 13847 | D:8      | Reached skill level 5 in Fire Magic
 14215 | D:9      | Found Zifuk's Weapon Emporium.
 14489 | D:9      | Found a transporter.
 14516 | D:9      | Noticed a cyclops
 14516 | D:9      | Noticed bande's ghost (novice GrFi)
 14523 | D:9      | Noticed a boulder beetle
 14628 | D:9      | Found a transporter.
 14651 | D:9      | Noticed an oklob plant
 14988 | D:9      | Identified the +7 fustibalus "Enemuip" {vorpal, rF+ Will+
                  | Int-4 Dex+2}
 15036 | D:8      | HP: 3/65 [wight (3)]
 15490 | D:9      | Reached * piety under Vehumet
 15490 | D:9      | Offered knowledge of Sandblast by Vehumet.
 16230 | D:9      | Reached skill level 9 in Spellcasting
 16327 | D:9      | Found a staircase to the Orcish Mines.
 17043 | D:9      | Reached XP level 11. HP: 42/70 MP: 19/24
 17218 | D:9      | Learned a level 4 spell: Flame Wave
 17269 | D:10     | Entered Level 10 of the Dungeon
 17687 | D:10     | Reached skill level 5 in Evocations
 17818 | D:10     | Reached skill level 10 in Spellcasting
 18242 | D:10     | Noticed a centaur warrior
 18251 | D:10     | Noticed a boulder beetle
 18264 | D:10     | Killed a boulder beetle
 18272 | D:10     | Killed a centaur warrior
 18324 | D:10     | Noticed a centaur warrior
 19659 | D:10     | Noticed a centaur warrior
 19669 | D:9      | Reached skill level 11 in Spellcasting
 19893 | D:10     | Killed a centaur warrior
 20258 | D:10     | Killed a centaur warrior
 20464 | D:10     | Noticed a two-headed ogre
 20488 | D:10     | Killed a two-headed ogre
 20810 | D:10     | Identified the +1 ring mail of Litratet {rElec}
 20884 | D:9      | Offered knowledge of Freeze by Vehumet.
 21674 | D:10     | Reached XP level 12. HP: 57/76 MP: 9/27
 21934 | D:9      | Reached ** piety under Vehumet
 22722 | D:10     | Noticed a six-headed hydra
 23885 | D:11     | Found Emukiskont's Assorted Antiques.
 23909 | D:11     | Reached skill level 5 in Dodging
 24672 | D:11     | Noticed a boulder beetle
 24839 | Orc:1    | Entered Level 1 of the Orcish Mines
 25227 | Orc:2    | Entered Level 2 of the Orcish Mines
 25271 | Orc:2    | Offered knowledge of Scorch by Vehumet.
 25713 | Orc:2    | Noticed an orc high priest
 25825 | Orc:1    | Killed an orc high priest
 26491 | Orc:2    | Found Fufulawn's Book Shop.
 26497 | Orc:2    | Noticed an orc high priest
 26641 | Orc:2    | Noticed an orc warlord
 27181 | D:11     | Found a staircase to the Lair.
 27348 | Lair:1   | Entered Level 1 of the Lair of Beasts
 27967 | D:11     | Learned a level 2 spell: Scorch
 27982 | Lair:1   | HP: 3/76 [elephant (16)]
 28800 | Lair:1   | Noticed a four-headed hydra
 28851 | Lair:1   | Killed a four-headed hydra
 29295 | Lair:1   | Reached *** piety under Vehumet
 29309 | Lair:1   | Gained mutation: You are in touch with the powers of death.
                  | [Mummy growth]
 29309 | Lair:1   | Reached XP level 13. HP: 31/81 MP: 2/28
 29316 | Lair:1   | Learned a level 6 spell: Starburst
 31693 | Lair:2   | Offered knowledge of Hailstorm by Vehumet.
 32118 | Lair:3   | Found an ornate altar of the Wu Jian Council.
 33466 | Lair:3   | Found a staircase to the Swamp.
 34036 | Lair:4   | Found a hole to the Spider Nest.
 34416 | Lair:4   | Reached **** piety under Vehumet
 34780 | Lair:4   | Offered knowledge of Iskenderun's Battlesphere by Vehumet.
 37813 | Orc:1    | Killed an orc warlord
 37814 | Orc:1    | Reached skill level 5 in Fighting
 38374 | Orc:2    | Reached XP level 14. HP: 98/98 MP: 19/29
 39579 | Orc:2    | Reached skill level 10 in Conjurations
 39818 | Orc:2    | Found Tusus's General Store.
 39821 | Orc:2    | Found a staircase to the Elven Halls.
 40035 | Orc:2    | Bought a scroll of teleportation for 45 gold pieces
 40066 | Orc:2    | Found Makkev's Antique Weapon Boutique.
 40097 | Orc:2    | Bought a ring of see invisible for 225 gold pieces
 40937 | Orc:2    | Found Qigg's Antique Armour Shop.
 40945 | Orc:2    | Bought a pair of polished boots for 199 gold pieces
 40945 | Orc:2    | Identified the +1 pair of boots of the Swamp {Harm Rampage
                  | rElec} (You bought it in a shop on level 2 of the Orcish
                  | Mines)
 41066 | Orc:2    | Bought a warped rapier for 198 gold pieces
 41066 | Orc:2    | Identified the +6 rapier of the Shark {flame, Will++ Dex+4}
                  | (You bought it in a shop on level 2 of the Orcish Mines)
 42409 | D:12     | Noticed Gastronok
 42816 | D:12     | Found an ancient bone altar of Kikubaaqudgha.
 43170 | D:12     | Learned a level 6 spell: Iron Shot
 43176 | D:12     | Learned a level 5 spell: Borgnjor's Vile Clutch
 43299 | D:12     | Killed Gastronok
 43300 | D:12     | Reached skill level 1 in Earth Magic
 43818 | D:13     | Found a shadowy altar of Dithmenos.
 44207 | Orc:2    | Bought fire dragon scales for 1260 gold pieces
 44741 | Lair:5   | Found a bloodstained altar of Trog.
 44761 | Lair:5   | Reached skill level 10 in Dodging
 47624 | D:14     | Found a gate to the Vaults.
 48023 | D:13     | Reached skill level 5 in Earth Magic
 49522 | D:15     | Entered Level 15 of the Dungeon
 50845 | D:14     | Reached XP level 15. HP: 73/103 MP: 0/30
 52254 | D:15     | Found a staircase to the Depths.
 53205 | Swamp:1  | Entered Level 1 of the Swamp
 53736 | Swamp:1  | Noticed Roxanne
 53882 | Swamp:1  | Noticed Aizul
 54216 | Swamp:1  | HP: 2/103 [alligator[a spriggan druid] (9)]
 54216 | Swamp:1  | Mangled by an alligator

Illustrated notes

Levels and vault maps discovered:
D:1:      amcnicky_arrival_double_pillar, layout_loops_corners,
          hellmonk_ecumenical_altar_run_dry
D:2:      layout_basic, serial_bayou_lake_a
D:3:      layout_loops_ring, yredelemnul_forgotten_temple_becter
D:4:      layout_gridville, serial_park_tiny_1, uniq_grinder
D:5:      minmay_inner_zag, layout_loops_ring, uniq_blork_the_orc, uniq_edmund,
          uniq_duvessa
D:6:      layout_rooms, temple_doors_ab, ebering_ghost_disaster_area,
          minmay_misc_feat_nine_boxes, kennysheep_cluttered_room,
          nicolae_zen_rock_garden, lightli_orcish_oven, uniq_maggie,
          uniq_sigmund, uniq_crazy_yiuf_cottage, uniq_pikel
D:7:      layout_loops_ring, minmay_misc_feat_five
D:8:      layout_basic, kennysheep_generic_room_15
D:9:      layout_basic, kennysheep_orc_monster_closet_entryway,
          nzn_ghost_randoct, serial_shops, shop
D:10:     minmay_the_grid_four_pointed_star [minmay_the_grid_triangle_9x9_empty,
          minmay_the_grid_triangle_9x9_thin_v,
          minmay_the_grid_triangle_9x9_corruption,
          minmay_the_grid_triangle_9x9_dagger,
          minmay_the_grid_prize_inner_circle], layout_basic, special_room
          [special_room_orc]
D:11:     layout_grid_maze, grunt_lair_entry_orc_guard_hut, serial_shops,
          nicolae_take_the_stairs
D:12:     layout_roguey, kiku_gazebo_garden_becter, uniq_gastronok
D:13:     layout_rooms, nicolae_dithmenos_through_a_glass_darkly
D:14:     layout_cave_pools, david_vaults_5
D:15:     gammafunk_depths_entry_grave, layout_basic, minmay_misc_feat_plants,
          uniq_josephine
Temple:   regret_index_temple_sigil_plot
Lair:1:   layout_chaotic_city, serial_bayou_shore_b, lemuel_fruit_tree,
          grunt_megastairs_3
Lair:2:   layout_cellular_growth, minivault_24, grunt_megastairs_4,
          infiniplex_staircase_pool_2
Lair:3:   layout_misc_corridors, nicolae_swamp_entry_splash_gauntlet,
          basic_altar
Lair:4:   layout_loops_ring, nicolae_spider_entry_non_spiders
Lair:5:   beast_lair_carwin_large_4, layout_regular_city, basic_altar,
          pf_torpor_hydra, serial_bayou_shore_a, infiniplex_staircase_pool
Swamp:1:  layout_falls_marsh, hangedman_swamp_ruin_hall, swamp_pool1,
          uniq_nikola, uniq_aizul, uniq_roxanne
Orc:1:    layout_diamond_mine
Orc:2:    grunt_orc_gardens, layout_caves, grunt_orc_garden, grunt_orc_garden,
          grunt_orc_garden, grunt_orc_garden

Skill      XL: |  1  2  3  4  5  6  7  8  9 10 11 12 13 14 15 |
---------------+----------------------------------------------+-----
Transmutations | 1 2 |  2.0
Poison Magic   | 2 3 4 5 6 |  6.0
Spellcasting   | 5 6 8 9 11 | 11.0
Conjurations   | 1 2 4 6 8 9 10 | 10.7
Air Magic      | 1 2 |  2.0
Short Blades   | 4 6 |  6.0
Fire Magic     | 3 6 7 |  7.0
Evocations     | 4 7 9 |  9.0
Dodging        | 4 6 8 10 | 10.3
Fighting       | 5 |  5.0
Earth Magic    | 6 8 |  8.3

Action                   |  1- 3 |  4- 6 |  7- 9 | 10-12 | 13-15 || total
-------------------------+-------+-------+-------+-------+-------++-------
Melee: Club              |    16 |       |       |       |       ||    16
       Whip              |     6 |     2 |    58 |       |       ||    66
       Punch             |       |       |     7 |     9 |     1 ||    17
       Dagger            |       |       |   180 |   290 |    20 ||   490
       Staff             |       |       |     2 |     9 |    13 ||    24
Throw: Throwing net      |       |       |       |       |     2 ||     2
 Cast: Sting             |    89 |    92 |   227 |   767 |   570 ||  1745
       Mephitic Cloud    |       |       |    14 |   110 |   107 ||   231
       Flame Wave        |       |       |       |    31 |    13 ||    44
       Scorch            |       |       |       |    12 |   276 ||   288
       Starburst         |       |       |       |       |    11 ||    11
       Iron Shot         |       |       |       |       |   128 ||   128
Evoke: Wand              |       |     1 |     3 |    41 |    20 ||    65
       Phial of floods   |       |       |       |     1 |     1 ||     2
       Phantom mirror    |       |       |       |       |     4 ||     4
  Use: Scroll            |       |     5 |       |    15 |    12 ||    32
 Stab: Confused          |       |       |       |    11 |     5 ||    16
Armor: Leather armour    |    11 |       |       |       |       ||    11
       Robe              |     6 |     8 |   149 |   283 |   212 ||   658
Dodge: Dodged            |    36 |    35 |   246 |   472 |   486 ||  1275

Table legend: (Time is in decaauts)
 A = Elapsed time spent in this place.
 B = Non-inter-level travel time spent in this place.
 C = Inter-level travel time spent in this place.
 D = Time resting spent in this place.
 E = Time spent auto-exploring this place.
 F = Levels seen in this place.
 G = Mean time per level.
                   A        B        C        D        E       F      G
               +--------+--------+--------+--------+--------+-----+--------+
         Total |  54285 |  51746 |   2539 |  17753 |  24723 |  24 | 2261.9 |
       Dungeon |  37237 |  35649 |   1588 |  12496 |  17167 |  15 | 2482.5 |
        Temple |    278 |    257 |     21 |      0 |    229 |   1 |  278.0 |
          Lair |  10373 |   9743 |    630 |   2796 |   5223 |   5 | 2074.6 |
         Swamp |    792 |    792 |      0 |    459 |    178 |   1 |  792.0 |
  Orcish Mines |   5603 |   5305 |    298 |   2002 |   1925 |   2 | 2801.5 |
               +--------+--------+--------+--------+--------+-----+--------+

Top non-repeatable levels by time:
     D:9: 6792 daAuts
    D:10: 3327 daAuts
     D:5: 3223 daAuts
    D:13: 3216 daAuts
    D:14: 3152 daAuts
   Orc:1: 3078 daAuts
  Lair:4: 3029 daAuts
  Lair:3: 2763 daAuts
  Lair:1: 2756 daAuts
   Orc:2: 2524 daAuts
    D:11: 2430 daAuts
    D:12: 2394 daAuts
     D:6: 2347 daAuts
     D:8: 1920 daAuts
     D:2: 1724 daAuts
